| TOP OF THE 1ST |
|
Washington State University Cougars batting - Pitching for Wichita State University Shockers : RHP Kyle Gray
|
|
Pitching: RHP Kyle Gray
|
|
|
Batting: RHB Ryan Toth
|
0-0: Called Strike 0-1: Ground out 6-3 (Groundball, 6, EV 89.4 MPH)
|
|
Batting: RHB Mas Langat
|
0-0: Ball 1-0: Swinging Strike 1-1: Ball 2-1: Ground out 6-3 (Groundball, 56, EV 93.1 MPH)
|
|
Batting: LHB Scott Spillers
|
0-0: Fly out, F9 (Flyball, 9S, EV 89.4 MPH)
|
| Top of the 1st over - 0 runs, 0 hits, 0 errors, 0 left on base; Washington State University 0 - Wichita State University 0 |
| BOTTOM OF THE 1ST |
|
Wichita State University Shockers batting - Pitching for Washington State University Cougars : RHP Ty Misner
|
|
Pitching: RHP Ty Misner
|
|
|
Batting: RHB Kyle Gill
|
0-0: Called Strike 0-1: Ball 1-1: Ball 2-1: Ground out 1-3 (Groundball, P, EV 65.0 MPH)
|
|
Batting: RHB Byron Whitehead
|
0-0: Ball 1-0: Called Strike 1-1: Fly out, F9 (Flyball, 9, EV 91.2 MPH)
|
|
Batting: LHB Carlos Flores
|
0-0: Ball 1-0: Called Strike 1-1: Ball 2-1: Fly out, F8 (Flyball, 8LD, EV 103.8 MPH)
|
| Bottom of the 1st over - 0 runs, 0 hits, 0 errors, 0 left on base; Washington State University 0 - Wichita State University 0 |
| TOP OF THE 2ND |
|
Washington State University Cougars batting - Pitching for Wichita State University Shockers : RHP Kyle Gray
|
|
Batting: SHB Juan Delanoval
|
0-0: Called Strike 0-1: Ground out 4-3 (Groundball, 4, EV 85.6 MPH)
|
|
Batting: LHB Israel Ariza
|
0-0: Called Strike 0-1: Foul Ball, location: 2F 0-2: Fly out, F8 (Line Drive, 8RM, EV 94.4 MPH)
|
|
Batting: LHB David Jackson
|
0-0: Ball 1-0: Foul Ball, location: 2F 1-1: Foul Ball, location: 2F 1-2: Ball 2-2: Foul Ball, location: 2F 2-2: SINGLE (Groundball, 56S, EV 73.1 MPH) (infield hit)
|
|
Batting: RHB Miguel Paredes
|
0-0: Fly out, F8 (Flyball, 8LD, EV 92.5 MPH)
|
| Top of the 2nd over - 0 runs, 1 hit, 0 errors, 1 left on base; Washington State University 0 - Wichita State University 0 |
| BOTTOM OF THE 2ND |
|
Wichita State University Shockers batting - Pitching for Washington State University Cougars : RHP Ty Misner
|
|
Batting: RHB Jason Adelstein
|
0-0: Called Strike 0-1: Ball 1-1: Ground out 5-3 (Groundball, 5, EV 83.1 MPH)
|
|
Batting: RHB Marvin Coffey
|
0-0: Ball 1-0: Ground out 5-3 (Groundball, 5S, EV 70.6 MPH)
|
|
Batting: LHB Troy Davies
|
0-0: Ball 1-0: Foul Ball, location: 2F 1-1: Fly out, F6 (Popup, 6MS, EV 67.5 MPH)
|
| Bottom of the 2nd over - 0 runs, 0 hits, 0 errors, 0 left on base; Washington State University 0 - Wichita State University 0 |
| TOP OF THE 3RD |
|
Washington State University Cougars batting - Pitching for Wichita State University Shockers : RHP Kyle Gray
|
|
Batting: RHB Wambua Ewansiha
|
0-0: Foul Ball, location: 2F 0-1: Foul Ball, location: 2F 0-2: Strikes out swinging
|
|
Batting: RHB Ron Essink
|
0-0: Swinging Strike 0-1: Called Strike 0-2: Ball 1-2: Ball 2-2: Foul Ball, location: 2F 2-2: Foul Ball, location: 2F 2-2: Ball 3-2: Base on Balls
|
|
Batting: RHB Ryan Toth
|
0-0: Ball 1-0: Called Strike Ron Essink is caught stealing 2nd base 2-4 1-1: Foul Ball, location: 2F 1-2: Ball 2-2: Foul Ball, location: 2F 2-2: Ground out 6-3 (Groundball, 6, EV 89.4 MPH)
|
| Top of the 3rd over - 0 runs, 0 hits, 0 errors, 0 left on base; Washington State University 0 - Wichita State University 0 |
| BOTTOM OF THE 3RD |
|
Wichita State University Shockers batting - Pitching for Washington State University Cougars : RHP Ty Misner
|
|
Batting: RHB Jeff Grant
|
0-0: Called Strike 0-1: Ball 1-1: Foul Ball, location: 2F 1-2: Ball 2-2: Ball 3-2: Base on Balls
|
|
Batting: LHB Kyle Lee
|
0-0: Ball 1-0: Fly out, F8 (Flyball, 78M, EV 82.5 MPH)
|
|
Batting: SHB Peter Faggard
|
0-0: Ball 1-0: Swinging Strike 1-1: Foul Ball, location: 2F 1-2: Foul Ball, location: 2F 1-2: Ball 2-2: Strikes out swinging
|
|
Batting: RHB Kyle Gill
|
0-0: Ground out 4-3 (Groundball, 4, EV 101.2 MPH)
|
| Bottom of the 3rd over - 0 runs, 0 hits, 0 errors, 1 left on base; Washington State University 0 - Wichita State University 0 |
| TOP OF THE 4TH |
|
Washington State University Cougars batting - Pitching for Wichita State University Shockers : RHP Kyle Gray
|
|
Batting: RHB Mas Langat
|
0-0: Ball 1-0: Called Strike 1-1: Ball 2-1: Ground out 4-3 (Groundball, 4, EV 86.9 MPH)
|
|
Batting: LHB Scott Spillers
|
0-0: Ball 1-0: Swinging Strike 1-1: Ball 2-1: Swinging Strike 2-2: Strikes out looking
|
|
Batting: SHB Juan Delanoval
|
0-0: Swinging Strike 0-1: Ball 1-1: Ground out U3 (Groundball, 3, EV 87.5 MPH)
|
| Top of the 4th over - 0 runs, 0 hits, 0 errors, 0 left on base; Washington State University 0 - Wichita State University 0 |
| BOTTOM OF THE 4TH |
|
Wichita State University Shockers batting - Pitching for Washington State University Cougars : RHP Ty Misner
|
|
Batting: RHB Byron Whitehead
|
0-0: Ball 1-0: Ball 2-0: Called Strike 2-1: Swinging Strike 2-2: Foul Ball, location: 2F 2-2: Foul Ball, location: 2F 2-2: Foul Ball, location: 2F 2-2: Ball 3-2: SOLO HOME RUN (Flyball, 78XD, EV 106.2 MPH), Distance : 417 ft
|
|
Batting: LHB Carlos Flores
|
0-0: Fly out, F9 (Flyball, 9D, EV 95.0 MPH)
|
|
Batting: RHB Jason Adelstein
|
0-0: Swinging Strike 0-1: Ball 1-1: Ball 2-1: Foul Ball, location: 2F 2-2: Ball 3-2: Strikes out swinging
|
|
Batting: RHB Marvin Coffey
|
0-0: Called Strike 0-1: Ball 1-1: Swinging Strike 1-2: Ball 2-2: Foul Ball, location: 2F 2-2: Foul Ball, location: 2F 2-2: Foul Ball, location: 2F 2-2: Ground out 6-3 (Groundball, P, EV 85.0 MPH)
|
| Bottom of the 4th over - 1 run, 1 hit, 0 errors, 0 left on base; Washington State University 0 - Wichita State University 1 |
| TOP OF THE 5TH |
|
Washington State University Cougars batting - Pitching for Wichita State University Shockers : RHP Kyle Gray
|
|
Batting: LHB Israel Ariza
|
0-0: Ball 1-0: Foul Ball, location: 2F 1-1: Called Strike 1-2: Ball 2-2: Ground out U3 (Groundball, 3, EV 100.6 MPH)
|
|
Batting: LHB David Jackson
|
0-0: Ground out 5-3 (Groundball, 5, EV 81.9 MPH)
|
|
Batting: RHB Miguel Paredes
|
0-0: Ball 1-0: Fly out, F7 (Line Drive, 7LM, EV 86.9 MPH)
|
| Top of the 5th over - 0 runs, 0 hits, 0 errors, 0 left on base; Washington State University 0 - Wichita State University 1 |
| BOTTOM OF THE 5TH |
|
Wichita State University Shockers batting - Pitching for Washington State University Cougars : RHP Ty Misner
|
|
Batting: LHB Troy Davies
|
0-0: Ball 1-0: Foul Ball, location: 2F 1-1: Ball 2-1: Called Strike 2-2: Foul Ball, location: 2F 2-2: Ground out U3 (Groundball, 13, EV 90.0 MPH)
|
|
Batting: RHB Jeff Grant
|
0-0: Ball 1-0: Called Strike 1-1: Swinging Strike 1-2: Strikes out looking
|
|
Batting: LHB Kyle Lee
|
0-0: Ground out 3-1 (Groundball, 34, EV 80.0 MPH)
|
| Bottom of the 5th over - 0 runs, 0 hits, 0 errors, 0 left on base; Washington State University 0 - Wichita State University 1 |
| TOP OF THE 6TH |
|
Washington State University Cougars batting - Pitching for Wichita State University Shockers : RHP Kyle Gray
|
|
Batting: RHB Wambua Ewansiha
|
0-0: Ball 1-0: Called Strike 1-1: Ball 2-1: Ball 3-1: Fly out, F8 (Flyball, 78M, EV 91.2 MPH)
|
|
Batting: RHB Ron Essink
|
0-0: Called Strike 0-1: Ground out 5-3 (Groundball, 56, EV 86.2 MPH)
|
|
Batting: RHB Ryan Toth
|
0-0: Ball 1-0: Ground out 4-3 (Groundball, 4MD, EV 80.6 MPH)
|
| Top of the 6th over - 0 runs, 0 hits, 0 errors, 0 left on base; Washington State University 0 - Wichita State University 1 |
| BOTTOM OF THE 6TH |
|
Wichita State University Shockers batting - Pitching for Washington State University Cougars : RHP Ty Misner
|
|
Batting: SHB Peter Faggard
|
0-0: Ball 1-0: Called Strike 1-1: Ball 2-1: Foul Ball, location: 2F 2-2: Foul Ball, location: 2F 2-2: Fly out, F5 (Popup, 25F, EV 85.0 MPH)
|
|
Batting: RHB Kyle Gill
|
0-0: Foul Ball, location: 2F 0-1: SOLO HOME RUN (Flyball, 9LD, EV 100.6 MPH), Distance : 387 ft
|
|
Batting: RHB Byron Whitehead
|
0-0: Ball 1-0: Ball 2-0: Called Strike 2-1: Foul Ball, location: 2F 2-2: Foul Ball, location: 2F 2-2: Ball 3-2: Foul Ball, location: 2F 3-2: Fly out, F9 (Flyball, 89S, EV 77.5 MPH)
|
|
Batting: LHB Carlos Flores
|
0-0: Foul Ball, location: 2F 0-1: Ball 1-1: Ball 2-1: DOUBLE (Line Drive, 9LS, EV 102.5 MPH)
|
|
Pitching: RHP Teddy Barber
|
|
|
Batting: RHB Jason Adelstein
|
0-0: Called Strike 0-1: Ball 1-1: Ball 2-1: Fly out, F7 (Line Drive, 7S, EV 110.6 MPH)
|
| Bottom of the 6th over - 1 run, 2 hits, 0 errors, 1 left on base; Washington State University 0 - Wichita State University 2 |
| TOP OF THE 7TH |
|
Washington State University Cougars batting - Pitching for Wichita State University Shockers : RHP Kyle Gray
|
|
Batting: RHB Mas Langat
|
0-0: Ball 1-0: Called Strike 1-1: Fly out, F9 (Flyball, 9, EV 96.2 MPH)
|
|
Batting: LHB Scott Spillers
|
0-0: Foul Ball, location: 2F 0-1: Foul Ball, location: 2F 0-2: Ball 1-2: Ground out 5-3 (Groundball, 5S, EV 91.2 MPH)
|
|
Batting: SHB Juan Delanoval
|
0-0: Ball 1-0: Ball 2-0: Ball 3-0: Foul Ball, location: 2F 3-1: Base on Balls
|
|
Batting: LHB Israel Ariza
|
0-0: Ball 1-0: Ball 2-0: Called Strike 2-1: Swinging Strike 2-2: SINGLE (Groundball, 3D, EV 108.8 MPH) Juan Delanoval to second Runner from 2nd tries for 3rd, SAFE, throw by RF made to third
|
|
Batting: LHB David Jackson
|
0-0: Ball Wild Pitch! Juan Delanoval scores Israel Ariza to second 1-0: Swinging Strike 1-1: Foul Ball, location: 2F 1-2: Fly out, F7 (Flyball, 7, EV 84.4 MPH)
|
| Top of the 7th over - 1 run, 1 hit, 0 errors, 1 left on base; Washington State University 1 - Wichita State University 2 |
| BOTTOM OF THE 7TH |
|
Wichita State University Shockers batting - Pitching for Washington State University Cougars : RHP Teddy Barber
|
|
Pitching: RHP Joaquin Adame
|
|
|
Batting: RHB Marvin Coffey
|
0-0: Called Strike 0-1: Ball 1-1: DOUBLE (Line Drive, 78XD, EV 105.0 MPH)
|
|
Batting: LHB Troy Davies
|
0-0: Ball 1-0: Ball 2-0: Ground out U3 (Groundball, 3S, EV 91.9 MPH) Marvin Coffey to third
|
|
Batting: RHB Jeff Grant
|
0-0: Called Strike 0-1: Ball 1-1: Called Strike 1-2: Strikes out looking
|
|
Batting: LHB Kyle Lee
|
0-0: Ball 1-0: Ball 2-0: Called Strike 2-1: Foul Ball, location: 2F 2-2: Ball 3-2: Foul Ball, location: 2F 3-2: Base on Balls
|
|
Batting: SHB Peter Faggard
|
0-0: Called Strike 0-1: Ball 1-1: SINGLE (Line Drive, 6MD, EV 97.5 MPH) Marvin Coffey scores Kyle Lee to second Runner from 2nd tries for 3rd, SAFE, no throw by CF
|
|
Batting: RHB Kyle Gill
|
0-0: Called Strike 0-1: Ball 1-1: Ball 2-1: DOUBLE (Flyball, 78XD, EV 105.0 MPH) Kyle Lee scores Peter Faggard to third Runner from 3rd tries for Home, SAFE, no throw by CF
|
|
Pitching: RHP Randolph Batten
|
|
|
Batting: RHB Byron Whitehead
|
0-0: Fly out, F7 (Flyball, 78D, EV 94.4 MPH)
|
| Bottom of the 7th over - 3 runs, 3 hits, 0 errors, 1 left on base; Washington State University 1 - Wichita State University 5 |
| TOP OF THE 8TH |
|
Washington State University Cougars batting - Pitching for Wichita State University Shockers : RHP Kyle Gray
|
|
Pitching: LHP John Schroeder
|
|
|
Batting: RHB Miguel Paredes
|
0-0: Ball 1-0: Called Strike 1-1: Ball 2-1: Fly out, F8 (Flyball, 78D, EV 85.6 MPH)
|
|
Batting: RHB Wambua Ewansiha
|
0-0: Foul Ball, location: 2F 0-1: Ball 1-1: Fly out, F8 (Line Drive, 8RD, EV 98.1 MPH)
|
|
Batting: RHB Ron Essink
|
0-0: Swinging Strike 0-1: Called Strike 0-2: Foul Ball, location: 2F 0-2: Foul Ball, location: 2F 0-2: Strikes out swinging
|
| Top of the 8th over - 0 runs, 0 hits, 0 errors, 0 left on base; Washington State University 1 - Wichita State University 5 |
| BOTTOM OF THE 8TH |
|
Wichita State University Shockers batting - Pitching for Washington State University Cougars : RHP Randolph Batten
|
|
Pitching: RHP Rogelio Perez
|
|
|
Batting: LHB Carlos Flores
|
0-0: Ball 1-0: Ball 2-0: Ball 3-0: Base on Balls
|
|
Batting: RHB Jason Adelstein
|
0-0: Ball 1-0: Swinging Strike 1-1: Ball 2-1: Ball 3-1: Base on Balls Carlos Flores to second
|
|
Batting: RHB Marvin Coffey
|
0-0: Ball 1-0: Called Strike 1-1: Ball 2-1: Fly out, F7 (Line Drive, 7S, EV 96.2 MPH)
|
|
Batting: LHB Troy Davies
|
0-0: Foul Ball, location: 2F 0-1: Called Strike 0-2: Ball 1-2: Foul Ball, location: 2F 1-2: SINGLE (Groundball, 34D, EV 99.4 MPH) Carlos Flores to third Jason Adelstein to second Runner from 3rd tries for Home, SAFE, throw by RF to home
|
|
Batting: RHB Jeff Grant
|
0-0: Ball 1-0: Swinging Strike 1-1: Ball 2-1: Swinging Strike 2-2: Ball 3-2: Foul Ball, location: 2F 3-2: Foul Ball, location: 2F 3-2: Fielders Choice at 2nd, 6-4 (Groundball, 6, EV 81.9 MPH) Jason Adelstein to third
|
|
Pitching: RHP Manuel Santiago
|
|
|
Batting: LHB Kyle Lee
|
0-0: Foul Ball, location: 2F 0-1: Ball 1-1: Ball 2-1: Foul Ball, location: 2F 2-2: Ball 3-2: Strikes out swinging
|
| Bottom of the 8th over - 1 run, 1 hit, 0 errors, 2 left on base; Washington State University 1 - Wichita State University 6 |
| TOP OF THE 9TH |
|
Washington State University Cougars batting - Pitching for Wichita State University Shockers : LHP John Schroeder
|
|
Batting: RHB Ryan Toth
|
0-0: Ball 1-0: Ground out U3 (Groundball, 3, EV 90.0 MPH)
|
|
Batting: RHB Mas Langat
|
0-0: Swinging Strike 0-1: Ball 1-1: Foul Ball, location: 2F 1-2: Foul Ball, location: 2F 1-2: Ball 2-2: Ball 3-2: Fly out, F7 (Flyball, 7LM, EV 91.9 MPH)
|
|
Batting: LHB Scott Spillers
|
0-0: Foul Ball, location: 2F 0-1: Ball 1-1: Foul Ball, location: 2F 1-2: Fly out, F8 (Flyball, 8LD, EV 103.1 MPH)
|
| Top of the 9th over - 0 runs, 0 hits, 0 errors, 0 left on base; Washington State University 1 - Wichita State University 6 |
|